 Dungeon Crawl Stone Soup version 0.27-a0-1051-g288ea87c7c (webtiles) character file.

Game seed: 3493169626903707702

705 rageheart7 the Skirmisher (level 7, 0/67 HPs)
             Began as a Yellow Draconian Monk on Apr 21, 2021.
             Slain by a gnoll
             ... wielding a +2 spear of venom
              (7 damage)
             ... on level 5 of the Dungeon.
             The game lasted 00:05:15 (4791 turns).

rageheart7 the Skirmisher (Yellow Draconian Monk)   Turns: 4791, Time: 00:05:15

Health: 0/67       AC:  6    Str: 16    XL:     7   Next: 39%
Magic:  7/7        EV: 12    Int: 10    God:
Gold:   209        SH:  0    Dex: 13    Spells: 6/6 levels left

rFire    + . .     SeeInvis .   l - +1 trident (venom)
rCold    + . .     Faith    .   (no shield)
rNeg     . . .     Spirit   .   (armour unavailable)
rPois    .         Reflect  .   (helmet restricted)
rElec    .         Harm     .   i - scarf {rC+ rF+}
rCorr    +         Rampage  .   (no gloves)
Will     .....                  (no boots)
Stlth    +.........             (no amulet)
HPRegen  0.21/turn              (no ring)
MPRegen  0.10/turn              (no ring)

@: mighty, lit by a corona, short of breath, glowing
A: spit acid, AC +6, unfitting armour, cold-blooded, acid resistance
a: Breathe Acid


You were on level 5 of the Dungeon.
You visited 1 branch of the dungeon, and saw 5 of its levels.

You collected 209 gold pieces.

Inventory:

Hand Weapons
 a - a +0 mace
 l - a +1 trident of venom (weapon)
Armour
 i - a scarf of resistance (worn)
Jewellery
 j - a ring of fire
 n - a ring of willpower
Wands
 p - a wand of iceblast (3)
Scrolls
 c - 3 scrolls of identify
 e - a scroll of enchant weapon
 k - a scroll of enchant armour {unknown}
Potions
 b - a potion of brilliance
 d - a potion of degeneration {unknown}
 g - a potion of cancellation
 h - a potion of invisibility {unknown}
 m - a potion of flight {unknown}
 o - a potion of heal wounds {unknown}


   Skills:
 * Level 7.9 Fighting
 - Level 3.7 Maces & Flails
 + Level 4.0 Polearms
 - Level 2.6 Dodging
 - Level 1.7 Stealth


You had 6 spell levels left.
You didn't know any spells.
Your spell library was empty.

Dungeon Overview and Level Annotations

Branches:
Dungeon (5/15)
 Temple: D:4-7

Altars:
Okawaru


Innate Abilities, Weirdness & Mutations

You can spit globs of acid.
Your golden yellow scales are hard. (AC +6)
You cannot fit into any form of body armour.
You are cold-blooded and may be slowed by cold attacks.
You are resistant to acid. (rCorr)


Message History

The gnoll shaman is moderately wounded.
The gnoll shaman hits you with a +0 club.
You closely miss the gnoll shaman.
The gnoll shaman is heavily wounded.
The gnoll shaman hits you with a +0 club.
You puncture the gnoll shaman!
The gnoll shaman is almost dead.
The gnoll shaman hits you with a +0 club!
You are too injured to fight recklessly!
You are too injured to fight recklessly!
You are too injured to fight recklessly!
You are too injured to fight recklessly!
You are too injured to fight recklessly!
You are too injured to fight recklessly!
You are too injured to fight recklessly!
You are too injured to fight recklessly!
You hit the gnoll shaman.
You kill the gnoll shaman!
The gnoll hits you but does no damage.
Your Polearms skill increases to level 4!
You feel very mighty all of a sudden. The gnoll hits you with a +0 flail.
The gnoll hits you from afar with a +2 spear of venom.
* * * LOW HITPOINT WARNING * * *
You barely miss the gnoll. The gnoll misses you.
The gnoll hits you with a +0 flail.
* * * LOW HITPOINT WARNING * * *
The gnoll misses you.
You puncture the gnoll!
The gnoll is poisoned.
Your tail-slap misses the gnoll.
The gnoll is almost dead.
You kill the gnoll!
The gnoll barely misses you.
You barely miss the gnoll. You tail-slap the gnoll.
The gnoll is lightly wounded.
The gnoll closely misses you. The gnoll hits you with a +0 flail!
* * * LOW HITPOINT WARNING * * *
You barely miss the gnoll.
The gnoll is lightly wounded.
The gnoll hits you from afar with a +2 spear of venom!
You die...

. ###........#.#.....#
..
..........##.#.....# .
..........##.#.....#
..........##+#......
##......)...........
#..................
#..................
#+####.......... #.
#@#.............
#.###g#(............
#....g#.............
#..........#........
..........##.+....[...
...........###........
...............<......
...........$..........
.........)......>.....


You could see 2 gnolls.

Vanquished Creatures
  Menkaure (D:5)
  A kobold brigand (D:4)
  A water moccasin skeleton (D:4)
  A howler monkey (D:2)
  A centaur zombie (D:3)
  3 hounds (D:4)
  A gnoll shaman (D:5)
  An orc priest (D:5)
  An iguana (D:4)
  A centaur skeleton (D:4)
  A hound skeleton (D:4)
  Robin (D:2)
  3 gnolls (D:5)
  2 adders (D:2)
  A shadow imp (D:4)
  A white imp (D:5)
  An adder skeleton (D:4)
  5 dart slugs
  6 orcs
  6 bats
  4 endoplasms
  10 goblins
  14 hobgoblins
  8 jackals
  2 quokkas
  6 ball pythons
  5 frilled lizards
  8 kobolds
  3 rats
99 creatures vanquished.

Notes
Turn   | Place    | Note
-------+----------+-------------------------------------------
     0 | D:1      | rageheart7 the Draconian Monk began the quest for the Orb.
     0 | D:1      | Reached XP level 1. HP: 19/19 MP: 1/1
   490 | D:1      | Reached XP level 2. HP: 26/26 MP: 2/2
  1104 | D:1      | Reached skill level 4 in Fighting
  1360 | D:2      | Reached XP level 3. HP: 30/33 MP: 3/3
  1543 | D:2      | Noticed Robin
  1593 | D:2      | Killed Robin
  1594 | D:2      | Reached skill level 1 in Polearms
  1594 | D:2      | Reached XP level 4. HP: 19/41 MP: 4/4
  1973 | D:2      | Reached skill level 5 in Fighting
  2369 | D:3      | Found a faded altar of an unknown god.
  2373 | D:3      | Reached XP level 5. HP: 48/48 MP: 5/5
  3555 | D:4      | Reached skill level 6 in Fighting
  3555 | D:4      | Reached XP level 6. HP: 44/57 MP: 6/6
  4113 | D:4      | Reached skill level 7 in Fighting
  4190 | D:4      | Found an iron altar of Okawaru.
  4465 | D:5      | Entered Level 5 of the Dungeon
  4505 | D:5      | Your scales start taking on a golden yellow colour.
  4505 | D:5      | Reached XP level 7. HP: 66/66 MP: 7/7
  4505 | D:5      | Gained mutation: You are resistant to acid. (rCorr) [Yellow
                  | Draconian growth]
  4593 | D:5      | Noticed Menkaure
  4598 | D:5      | Killed Menkaure
  4791 | D:5      | Slain by a gnoll

Illustrated notes

Levels and vault maps discovered:
D:1:      dpeg_arrival_tiny_a, layout_basic, minmay_liquid_box
D:2:      layout_loops_ring, uniq_robin
D:3:      layout_basic, hellmonk_ecumenical_altar_dog_temple,
          roderic_serpentine_path, minivault_23
D:4:      minmay_chambers_of_fours, layout_rooms, lemuel_tele_altar,
          kennysheep_cross_bottleneck
D:5:      layout_basic, kennysheep_orc_sif_temple, grunt_ministairs_8,
          minmay_misc_feat_pillars, patterned_corridor, uniq_menkaure, uniq_ijyb

Skill      XL: |  1  2  3  4  5  6  7 |
---------------+----------------------+-----
Fighting       | 4 5 6 7 |  7.9
Polearms       | 1 2 3 4 |  4.0
Maces & Flails | |  3.7
Dodging        | |  2.6
Stealth        | |  1.7

Action                   |  1- 3 |  4- 6 |  7- 9 || total
-------------------------+-------+-------+-------++-------
Melee: Mace              |    77 |       |       ||    77
       Tailslap          |    10 |    10 |     1 ||    21
       Trident           |    46 |   148 |    19 ||   213
 Abil: Breathe Acid      |       |       |     2 ||     2
  Use: Potion            |     3 |       |     1 ||     4
       Scroll            |       |     9 |       ||     9
 Stab: Sleeping          |     4 |     8 |     1 ||    13
Armor: Skin              |    36 |    57 |     2 ||    95
Dodge: Dodged            |    75 |    73 |     9 ||   157

Table legend: (Time is in decaauts)
 A = Elapsed time spent in this place.
 B = Non-inter-level travel time spent in this place.
 C = Inter-level travel time spent in this place.
 D = Time resting spent in this place.
 E = Time spent auto-exploring this place.
 F = Levels seen in this place.
 G = Mean time per level.
                   A        B        C        D        E       F      G
               +--------+--------+--------+--------+--------+-----+--------+
         Total |   4856 |   4730 |    126 |      0 |   4063 |   5 |  971.2 |
       Dungeon |   4856 |   4730 |    126 |      0 |   4063 |   5 |  971.2 |
               +--------+--------+--------+--------+--------+-----+--------+

Top non-repeatable levels by time:
     D:1: 1328 daAuts
     D:3: 1178 daAuts
     D:4: 1084 daAuts
     D:2: 936 daAuts
     D:5: 329 daAuts
